[Event "Romanian Team Rapid Women 2022"]
[Site "Sebes"]
[Date "2022.12.03"]
[Round "3.5"]
[White "Ionescu, Irina"]
[Black "Chicarosie, Ioana-Bianca"]
[Result "1/2-1/2"]
[ECO "B30"]
[WhiteElo "2119"]
[BlackElo "1815"]
[Annotator "TA"]
[PlyCount "126"]
[EventDate "2022.12.03"]
[EventType "rapid"]
[EventCountry "ROU"]
[SourceTitle "playchess.com"]
[Source "ChessBase"]
[SourceQuality "1"]
[TimeControl "900+10"]

1. e4 c5 2. Nf3 Nc6 3. Bb5 e5 4. O-O {[%emt 0:00:32] [#]} Qe7 $146 ({Predecessor:} 4... Nge7 5. Re1 g6 6. d3 Bg7 7. Bg5 h6 8. Bxe7 Nxe7 9. Nc3 O-O 10. Bc4 d6 11. Nd5 Nc6 12. c3 Kh7 13. a4 Be6 14. h3 Rc8 {1-0 (37) Carlsen,M (2859)-Dubov,D (2708) Chess.com INT 2022}) 5. d3 Nf6 6. Bg5 {[%emt 0:00:20] B30: Sicilian: 2...Nc6 3 Bb5, lines without ...g6.} h6 7. Bh4 a6 8. Ba4 {[%emt 0:01:21] White is slightly better.} g6 ({Black should try} 8... g5 $11 9. Bg3 d6) 9. Nc3 $14 Bg7 10. Nd5 {[%emt 0:01:38] Inhibits g5.} Qd6 (10... Qd8 $142) 11. Nb6 Rb8 12. Nc4 {[%emt 0:00:01] Against Na5. White has more active pieces. The black rooks are badly placed.} Qe6 13. Bxc6 bxc6 14. Nfxe5 (14. Ncxe5 g5 $16) 14... O-O 15. Bg3 $1 {[%emt 0:02:31][%cal Oe5f7] Nxf7! is the strong threat.} Rb7 16. h3 $2 (16. f4 $18) 16... Nh5 $1 $11 (16... d5 17. Na5 $16) 17. Ng4 (17. Nf3 $15 Nxg3 18. fxg3) 17... Nxg3 $1 $17 (17... d5 18. exd5 cxd5 19. Re1 $11) 18. fxg3 d5 {[%emt 0:00:13] Inhibits e5.} 19. Na5 Rxb2 20. Nb3 $2 (20. e5 $17 {was worth a try.}) 20... c4 $19 (20... dxe4 $2 21. Ne3 $19) 21. dxc4 dxc4 (21... Qxe4 $2 {is the wrong capture.} 22. cxd5 Bxg4 23. Qxg4 Qxg4 24. hxg4 $19) 22. Nc5 (22. Nd2 c3 23. Nb3) 22... Qe7 23. Na4 Rb4 24. c3 Rb7 ({Don't do} 24... Qxe4 25. Nf2 Qe5 26. cxb4 $18) 25. Ne3 Rd8 26. Qc2 (26. Qe2 $17) 26... Be6 27. Rab1 Rdb8 28. Rxb7 Rxb7 29. Rb1 Rb5 {[%emt 0:00:15] Hoping for ...Qa3.} 30. Kh2 Be5 31. Nf1 Qa3 32. Rd1 Qe7 $2 ({Better is} 32... h5 $19 {Strongly threatening ...h4.} 33. Nd2 h4) 33. Qd2 $2 (33. Rb1 $1 $11) 33... Rb8 (33... h5 $142 {And now ...h4 would win.} 34. Ne3 h4 35. Qd8+ Qxd8 36. Rxd8+ Kh7) 34. Qxh6 Qa3 (34... Rb5 $19 {Threatens to win with ...Ra5.} 35. Qc1 Ra5) 35. Nb6 $2 Qxc3 (35... Rxb6 $2 {is a self mate.} 36. Rd8+) 36. Nd7 {[%emt 0:00:20] [#]} (36. Qg5 $17 {keeps fighting.}) 36... Bg7 $1 {[%emt 0:00:23] This pair of bishops is nice.} 37. Qe3 (37. Qg5 Bxd7 38. Rxd7) 37... Qxe3 38. Nxe3 Rd8 39. Nc5 Rxd1 40. Nxd1 {[%emt 0:00:02][%mdl 4096] Endgame KBB-KNN} a5 $2 (40... c3 $19 41. Nxc3 Bxc3 42. Nxe6 fxe6) 41. Na4 $2 (41. Nxe6 $11 {and White has nothing to worry.} fxe6 42. Ne3) 41... Kf8 42. Kg1 (42. g4 $142) 42... Ke7 43. Kf2 f5 (43... Kd6 $19 {is more deadly. White must now prevent ...Ke5.} 44. Ke3 Ke5) 44. exf5 $17 Bxf5 45. Ke3 {[%emt 0:00:23] Against Be4} Bc2 {[%emt 0:00:03] Against g4} 46. Ndc3 c5 ({Black should play} 46... Bh6+ $15 47. Kd4 Bd3) 47. Kd2 $11 Bf5 48. Nxc5 Kd6 {[%emt 0:00:30] Against g4} 49. Nb7+ Kc7 50. Nxa5 Bh6+ 51. Ke2 $2 (51. Kd1 $1 $11 {and White stays safe.}) 51... Bd3+ $19 52. Kf3 Kb6 53. Nxc4+ Bxc4 54. Ke4 (54. h4 $17) 54... Bg7 55. Nd5+ Kc5 56. Ne7 {[%emt 0:00:08] [#]} (56. Nf4 $142) 56... Bxa2 $2 (56... Bf7 $1 $19 {aiming for ...Bf6.} 57. a4 Bf6) 57. Kf4 $1 $15 Bh6+ (57... Bb1 $15 {might be stronger.} 58. Kg5 Be4) 58. Ke5 $1 $11 Bg7+ (58... Bb1 $11 {should be considered.}) 59. Kf4 $15 Bh6+ (59... Kd6 $15 60. Nxg6 Bd5) 60. Ke5 $1 $11 Bg7+ (60... g5 $11 {was preferrable.}) 61. Kf4 $15 Bh6+ (61... Bb1 $15 62. Kg5 Kd6 63. Nxg6 Ke6) 62. Ke5 $1 $11 Bg7+ (62... Bb1 $11) 63. Kf4 $15 Bh6+ {[%emt 0:00:24] Quite a comeback for White.   Weighted Error Value: White=0.72/Black=0.47} (63... Bb1 $15 64. Kg5 Bc3) 1/2-1/2

[Event "Romanian Team Rapid Women 2022"]
[Site "Sebes"]
[Date "2022.12.03"]
[Round "3.6"]
[White "Hoanca, Alexia-Ioana"]
[Black "Schiopu, Andreea-Alexandra"]
[Result "1-0"]
[ECO "B12"]
[WhiteElo "1644"]
[BlackElo "1716"]
[Annotator "NA RC COMBH"]
[PlyCount "79"]
[EventDate "2022.12.03"]
[EventType "rapid"]
[EventCountry "ROU"]
[SourceTitle "playchess.com"]
[Source "ChessBase"]
[SourceQuality "1"]
[TimeControl "900+10"]

1. e4 c6 2. d4 d5 3. f3 dxe4 4. fxe4 Nf6 5. e5 Nd5 6. c4 Nb6 7. Nc3 e6 8. Nf3 Be7 9. Be3 N8d7 10. Be2 Qc7 11. Bf4 O-O 12. Qd2 Rd8 13. O-O Nf8 14. Rad1 Bd7 15. Bg5 Be8 16. Qf4 Ng6 17. Qe3 Bxg5 18. Qxg5 Qe7 19. Qe3 Qb4 20. b3 Ne7 21. Ne4 Nf5 22. Qf4 Qa3 23. g4 Ne7 24. Bd3 Ng6 25. Qd2 Nc8 26. h4 Qe7 27. g5 b6 28. h5 Nf8 29. Qf4 Rb8 30. Nf6+ Kh8 31. Qe4 g6 32. hxg6 fxg6 33. Kg2 c5 34. d5 exd5 35. cxd5 Bf7 36. e6 Nd6 37. Qe5 Bxe6 38. dxe6 Qg7 39. Rh1 Ne8 40. e7 1-0

[Event "Romanian Team Rapid Women 2022"]
[Site "Sebes"]
[Date "2022.12.03"]
[Round "6.1"]
[White "Bulmaga, Irina"]
[Black "Voicu-Jagodzinsky, Carmen"]
[Result "1-0"]
[ECO "B30"]
[WhiteElo "2426"]
[BlackElo "2300"]
[Annotator "TA"]
[PlyCount "65"]
[EventDate "2022.12.03"]
[EventType "rapid"]
[EventCountry "ROU"]
[SourceTitle "playchess.com"]
[Source "ChessBase"]
[SourceQuality "1"]
[TimeControl "900+10"]

1. e4 c5 2. Nf3 Nc6 3. Nc3 e5 4. Bc4 Be7 5. d3 d6 6. O-O Nf6 7. Ng5 O-O 8. f4 (8. Nf3 {simplifies} Na5 9. a4 Nxc4 10. dxc4 Ne8 11. b3) 8... Bg4 {[%emt 0:00:28] B30: Sicilian: 2...Nc6 3 Bb5, lines without ...g6.} 9. Qe1 exf4 10. Bxf4 (10. Rxf4 h6 11. Nh3 Nd4 $15) 10... Nd4 {[%emt 0:00:25] The position is equal.} 11. Qh4 (11. Qd2 {was preferrable.}) 11... h6 $11 12. Nxf7 Rxf7 13. Bxf7+ Kxf7 14. e5 (14. Bxh6 {with more complications.} Be6 15. Qh5+ Kg8 16. Qg6) 14... dxe5 15. Bxe5 {[%emt 0:00:34] [#]} Nf5 $146 (15... Bf5 $15 {feels stronger.}) ({Predecessor:} 15... Bf5 16. Bxd4 Qxd4+ 17. Qxd4 cxd4 18. Rxf5 dxc3 19. bxc3 Rc8 20. c4 Kg6 21. Raf1 Bc5+ {0-1 (56) Smirnov,A (2354)-Yevseev,D (2535) Voronezh 2014}) 16. Qf2 $36 {[%emt 0:00:11][%mdl 3072] [#] And now h3 would win. White has compensation. White has some pressure.} g6 $2 {[%emt 0:00:33] This costs Black the game.} (16... Nd4 $1 $11 {and Black is okay.}) 17. h3 Bh5 18. Ne4 (18. g4 Bxg4 19. hxg4 Nxg4 $14) 18... Nd7 (18... c4 {is a better defense.} 19. Bxf6 (19. g4 Bxg4 20. hxg4 Nxg4 $16) 19... Bxf6 20. Nxf6 (20. dxc4 $2 {is the wrong capture.} Bd4 $19) 20... Qxf6) 19. Bc3 $18 {[%emt 0:00:35] The board is on fire.} c4 20. g4 {[%emt 0:00:34][%mdl 64] [#] Pin, Double Attack} Bh4 21. Qf3 {[%emt 0:00:29][%mdl 64] Pin} Qb6+ 22. Kh1 Kg8 23. gxh5 Rf8 24. Qg4 {[%emt 0:00:18][%cal Of1f5] Rxf5! is the strong threat.} ({Less strong is} 24. dxc4 Ng3+ 25. Nxg3 Rxf3 26. Rxf3 Qc6 $16) 24... Bg5 25. hxg6 Qxg6 26. Rf2 cxd3 27. cxd3 Ne3 28. Qxd7 {[%emt 0:00:36] Black must now prevent Rxf8+.} Rxf2 29. Nxf2 {[%emt 0:00:03] Hoping for Qc8+.} Nf5 30. Re1 {[%emt 0:00:17] Re8+ would kill now.} Ng3+ 31. Kh2 {[%emt 0:00:27] White mates.} Be3 32. Qc8+ Kf7 33. Qc7+ {[%emt 0:00:04] Weighted Error Value: White=0.09 (flawless) /Black=0.74} 1-0

[Event "Romanian Team Rapid Women 2022"]
[Site "Sebes"]
[Date "2022.12.03"]
[Round "6.3"]
[White "Ciolacu, Alessia-Mihaela"]
[Black "Bucur, Denisa-Andreea"]
[Result "1-0"]
[ECO "D27"]
[WhiteElo "2097"]
[BlackElo "1953"]
[Annotator "TA"]
[PlyCount "99"]
[EventDate "2022.12.03"]
[EventType "rapid"]
[EventCountry "ROU"]
[SourceTitle "playchess.com"]
[Source "ChessBase"]
[SourceQuality "1"]
[TimeControl "900+10"]

1. d4 d5 2. c4 dxc4 3. e3 Nf6 4. Bxc4 e6 5. Nf3 a6 6. O-O Nbd7 7. Bb3 c5 8. e4 {[%emt 0:00:15][%cal Be3e4,Be4e5][%mdl 32] D27: Queen's Gambit Accepted: Classical main line: 7 e4!? and 7 a4.} cxd4 9. e5 Ne4 (9... Ng4 $14) 10. Qxd4 $16 {[%emt 0:00:16] White is better.} (10. Nxd4 Nxe5 11. Bf4 Ng6 $15) 10... Nec5 (10... Ndc5 $2 11. Bc2 $18) 11. Bc2 {[%emt 0:00:09] [#]} b5 $146 ({Predecessor:} 11... Nb6 12. Qg4 Nd5 13. a3 Qc7 14. Re1 b6 15. b4 Nd7 16. Bb3 Bb7 17. Bb2 g6 {½-½ (25) Tregubov,P (2625)-Lupu,M (2428) Paris 2014}) 12. Nc3 Nb6 13. Qxd8+ Kxd8 14. Rd1+ Kc7 (14... Ke8 $14) 15. Ne4 {[%emt 0:00:44] White is much more active. The black rooks are badly placed.} ({White should try} 15. Ng5 $16 f5 16. Nf7) 15... Nxe4 $1 $14 16. Bxe4 Bb7 17. Bxb7 Kxb7 18. Ng5 Bc5 {[%emt 0:00:25] [#]} (18... Be7 $14) 19. Nxf7 (19. Be3 $1 $16 Bxe3 20. fxe3) 19... Rhf8 20. Nd6+ Bxd6 21. Rxd6 Rad8 22. Bg5 (22. Rxe6 $2 Rd1#) 22... Rxd6 23. exd6 $11 {[%emt 0:00:01][%mdl 4096] Endgame KRB-KRN} Rf5 (23... Kc6 $11 {is superior.}) 24. Be7 $1 $14 {[%emt 0:00:42] aiming for Rc1.} Rd5 25. Re1 Nc4 26. h4 (26. Rxe6 $2 Rd1+) (26. b3 {simplifies} Nxd6 27. h3 e5 28. Bxd6 Rxd6 29. Rxe5 Rd1+ 30. Kh2) 26... Nxb2 27. Rxe6 Nc4 28. Bf8 Kc6 29. d7+ Kxd7 30. Rxa6 Rd1+ 31. Kh2 Rd2 32. Ra7+ Kc6 33. Bxg7 (33. Rxg7 $6 Rxf2 34. Be7 h5 $16) 33... Rxf2 34. Bh6 {[%emt 0:00:04] Inhibits Ne3.} Ne5 35. Kh3 (35. Rxh7 Rxa2 36. Bg7 Ng4+ 37. Kh3 Nf2+ 38. Kg3 Ne4+ 39. Kh2 b4 $16) 35... Nd3 36. a3 ({Don't play} 36. Rxh7 $6 Rxa2 37. Rf7 b4 $14) (36. h5 $18) 36... Ne1 $2 (36... Ra2 $14) 37. g3 $18 ({Don't take} 37. Rxh7 Rxg2 38. h5 Rg1 $18) 37... Ra2 38. Bf8 $2 ({Much less strong is} 38. Rxh7 Rxa3 39. h5 b4) ({Better is} 38. h5 $18) 38... Nc2 $2 (38... Nd3 $1 $11 {and Black stays safe.}) 39. Rxh7 {[%emt 0:00:08] White is clearly winning.} Nd4 40. h5 Ne6 (40... Nf3 $142) 41. Be7 Kd5 42. Kg4 Rc2 43. Bb4 {[%emt 0:00:11] [#] Hoping for h6.} Rc4+ 44. Kf5 {[%emt 0:00:22] Threatens to win with Rd7+.} Nd4+ 45. Kf6 Ne2 46. Rd7+ Ke4 47. g4 Kf4 48. g5 Rc8 49. h6 Ng3 50. h7 {[%emt 0:00:10] Weighted Error Value: White=0.38/Black=0.45} 1-0

[Event "Romanian Team Rapid Women 2022"]
[Site "Sebes"]
[Date "2022.12.03"]
[Round "6.5"]
[White "Chicarosie, Ioana-Bianca"]
[Black "Ionescu, Irina"]
[Result "0-1"]
[ECO "D11"]
[WhiteElo "1815"]
[BlackElo "2119"]
[Annotator "TA"]
[PlyCount "88"]
[EventDate "2022.12.03"]
[EventType "rapid"]
[EventCountry "ROU"]
[SourceTitle "playchess.com"]
[Source "ChessBase"]
[SourceQuality "1"]
[TimeControl "900+10"]

1. d4 d5 2. Nf3 Nf6 3. g3 c6 4. Bg2 Bg4 5. O-O e6 6. c4 Be7 7. Qb3 {[%emt 0:01:03] D11: Slav Defence: 3 Nf3 sidelines and 3...Nf6 4 e3 Bg4.} Qb6 8. Qxb6 axb6 9. cxd5 {[%emt 0:00:05] The position is equal.} exd5 10. Bf4 O-O 11. Nc3 {[%emt 0:00:06] [#]} b5 $146 ({Predecessor:} 11... Nbd7 12. Ne5 Bb4 13. Nxg4 Nxg4 14. Bf3 Ngf6 15. h4 h5 16. a3 Be7 17. Rfe1 Rfe8 18. e4 Nxe4 19. Nxe4 dxe4 20. Bxh5 {½-½ (60) Prazmowski,W (1733)-Zlotkowski,W Warsaw 2008}) 12. a3 Nbd7 13. h3 Bxf3 14. Bxf3 Nb6 15. Ra2 b4 16. axb4 Rxa2 17. Nxa2 Ra8 {[%emt 0:00:02] Against b5} 18. Nc3 Bxb4 19. Rc1 h6 20. h4 Nc4 21. Rb1 b5 22. g4 Nd7 23. g5 (23. e4 $11) 23... hxg5 $15 24. hxg5 Nf8 $1 {[%emt 0:00:03] Black is more active.} 25. Bg4 g6 (25... Ne6 $15 26. Bxe6 fxe6) 26. Kg2 Ne6 27. Bxe6 fxe6 28. f3 Bd6 29. Bxd6 Nxd6 $11 {[%emt 0:00:02][%mdl 4096] Endgame KRN-KRN} 30. e4 {[%emt 0:00:28] Inhibits Nf5.} Kg7 (30... b4 $5 31. Ne2 dxe4 $15) 31. Kg3 b4 32. e5 $2 {[%emt 0:00:23][%mdl 8192] Loses the game.} (32. Ne2 $11) 32... Nf5+ $19 33. Kg4 bxc3 34. bxc3 {[%emt 0:00:02] KRN-KR} Ra3 35. Rc1 Kf7 36. f4 Ke7 37. Kf3 Nxd4+ 38. Ke3 Nb5 39. Kd2 Ra4 40. Ke3 {[%emt 0:00:16] [#]} Nxc3 $1 {[%emt 0:00:00] aiming for ...Ra3.} 41. Kd3 {[%emt 0:00:19] [#]} (41. Rh1 d4+) 41... Rxf4 $1 42. Rxc3 (42. Kc2 Ne4) 42... Rf3+ {[%emt 0:00:00] Black mates.} 43. Kd2 Rxc3 44. Kxc3 c5 {[%emt 0:00:00] Weighted Error Value: White=0.79/Black=0.10 (very precise)} 0-1